 Dungeon Crawl Stone Soup version 0.23.0-33-g5e6c059 (webtiles) character file.

Game seed: 6867159628413051645

5466 uberloutre the Grappler (level 10, -2/94 HPs)
             Began as a Troll Monk on Feb 13, 2019.
             Was an Elder of Wu Jian.
             Slain by Urug
             ... wielding a +3 eveningstar of flaming
              (24 damage)
             ... on level 9 of the Dungeon on Feb 26, 2019.
             The game lasted 00:57:10 (6907 turns).

uberloutre the Grappler (Troll Monk)                Turns: 6907, Time: 00:57:11

Health: -2/94      AC:  9    Str: 21    XL:     10   Next: 41%
Magic:  9/9        EV: 14    Int:  6    God:    Wu Jian [****..]
Gold:   527        SH:  0    Dex: 15    Spells: 9/9 levels left

rFire    . . .     SeeInvis .     - Unarmed
rCold    . . .     Gourm    +   (no shield)
rNeg     + . .     Faith    .   a - +0 robe
rPois    +         Spirit   .   (helmet restricted)
rElec    .         Reflect  .   j - +2 cloak
rCorr    .         Harm     .   (gloves unavailable)
MR       .....                  (boots unavailable)
Stlth    ++........             x - amulet of magic regeneration
HPRegen  0.65/turn              i - ring of poison resistance
MPRegen  0.36/turn              r - ring of positive energy

@: no status effects
A: large, unfitting armour, claws 3, fast metabolism 3, gourmand, regeneration
1, shaggy fur 1, tough skin 3
a: Wall Jump, Serpent's Lash, Renounce Religion


You were on level 9 of the Dungeon.
You worshipped Wu Jian.
Wu Jian was greatly pleased with you.
You were completely stuffed.

You visited 3 branches of the dungeon, and saw 11 of its levels.

You collected 527 gold pieces.

Inventory:

Armour
 a - a +0 robe (worn)
 j - a +2 cloak (worn)
Jewellery
 i - a ring of poison resistance (left claw)
 r - a ring of positive energy (right claw)
 x - an amulet of magic regeneration (around neck)
Wands
 w - a wand of paralysis (7)
Scrolls
 c - 5 scrolls of remove curse
 e - a scroll of noise {unknown}
 g - 6 scrolls of teleportation
 l - 4 scrolls of enchant weapon
 m - 2 scrolls of amnesia
 o - a scroll of identify
 p - 2 scrolls of fear
 s - 3 scrolls of immolation {unknown}
 v - a scroll of acquirement {unknown}
Potions
 d - 2 potions of might {unknown}
 f - 3 potions of agility {unknown}
 h - 4 potions of curing
 k - a potion of brilliance {unknown}
 n - 2 potions of flight {unknown}
 q - a potion of ambrosia {unknown}
 t - a potion of degeneration {unknown}
Comestibles
 b - 7 rations


   Skills:
 + Level 4.6 Fighting
 + Level 6.5 Dodging
 + Level 3.2 Stealth
 + Level 12.1 Unarmed Combat


You had 9 spell levels left.
You didn't know any spells.
Your spell library contained the following spells:

 Spells                   Type           Power        Failure   Level  Hunger
 Animate Skeleton         Necr           N/A          45%         1    ##.....
 Apportation              Tloc           #.....       45%         1    ##.....
 Confusing Touch          Hex            #.....       45%         1    ##.....
 Corona                   Hex            #......      45%         1    ##.....
 Summon Small Mammal      Summ           #...         45%         1    ##.....
 Ensorcelled Hibernation  Hex/Ice        #.....       58%         2    ###....
 Confuse                  Hex            #.......     83%         3    ####...
 Dazzling Spray           Conj/Hex       #.....       83%         3    ####...
 Tukima's Dance           Hex            #.......     83%         3    ####...


Dungeon Overview and Level Annotations

Branches:
Dungeon (9/15)             Temple (1/1) D:5            Lair (0/6) D:9
    Orc (1/2) D:9

Altars:
Ashenzari
Cheibriados
Dithmenos
Elyvilon
Fedhas
Gozag
Hepliaklqana
Kikubaaqudgha
Makhleb
Nemelex Xobeh
Okawaru
Qazlal
Ru
Sif Muna
Trog
Uskayaw
Vehumet
Wu Jian
Xom
Yredelemnul
Zin
The Shining One

Shops:
D:4 :   D:5 %

Annotations:
D:2 1 runed translucent door
D:9 Urug


Innate Abilities, Weirdness & Mutations

You are too large for most types of armour.
You have claws for hands.
Your metabolism is lightning-fast.
You like to eat raw meat.
Your natural rate of healing is unusually fast.
You are covered in fur. (AC +1)
You have extremely tough skin. (AC +3)


Message History

As you read the scroll of fear, it crumbles to dust.
You assume a fearsome visage.
Urug looks frightened!
The orc warrior looks frightened!
You scratch Urug but do no damage.
Your attack snaps Urug out of her fear.
You strike the helpless Urug from behind!
You claw Urug!
Urug is lightly wounded.
You lunge at Urug.
You barely miss Urug.
Urug is lightly wounded.
Urug misses you.
You barely miss Urug.
Urug is lightly wounded.
Urug hits you but does no damage.
You barely miss Urug. You claw Urug, but do no damage.
Urug is lightly wounded.
You scratch Urug but do no damage.
Urug is lightly wounded.
Urug screams, "Damn your eyes!"
Urug hits you with a +3 eveningstar of flaming!!
You die...

###.#.###).......)..###...###..
#..(..##....[..)...####........
#.#(#####..........###.....##..
#.#.# ##.#..o....##......##..
#<#.# ####....#.##.......##..
#.#)# #.##.....##.........#..
#.#(# #.###8.8##..........#..
#.#(#####.# ##o##...........#..
#)))).....# #.@.#...........#.[
#....###### #)>.#...........#.<
##.#.# #)..#.#########.#..
#.#.# #####.# #.#.. #.#.# #.#
#.#.# ##### ### ### ########
###########.# ###### ##.#
####"......##..###.##.###.##
#.####..#.....#†..####....##


You could see Urug and an orc warrior (fleeing).

Vanquished Creatures
  2 two-headed ogres
  A gargoyle (D:7)
  2 hippogriffs
  A wyvern (D:9)
  A basilisk (D:9)
  2 hungry ghosts
  Menkaure (D:4)
  A soldier ant (shapeshifter) (D:9)
  4 orc warriors
  A swamp drake (D:9)
  A phantom (D:7)
  3 necrophages
  An ogre (D:4)
  2 centaurs
  2 crocodiles (D:9)
  A big kobold (D:9)
  2 bullfrogs
  A wyvern skeleton (D:8)
  A water moccasin skeleton (D:8)
  2 vampire bats (D:4)
  A crimson imp (D:5)
  8 hounds
  A lava snake (D:8)
  A jelly (D:5)
  6 orc wizards
  3 orc priests
  An iguana (D:9)
  6 worker ants
  A hound skeleton (D:9)
  2 worker ant zombies (D:5)
  7 gnolls
  14 adders
  2 shadow imps
  2 oozes
  2 adder skeletons (D:7)
  2 adder zombies
  A worm (D:4)
  A dart slug (D:2)
  4 leopard geckos
  39 orcs
  13 bats
  3 giant cockroaches
  3 hobgoblins
  4 jackals (D:4)
  16 kobolds
  A quokka (D:5)
  3 ball pythons
  6 frilled lizards
  19 goblins
  A goblin skeleton (D:2)
  A kobold skeleton (D:2)
  A leopard gecko skeleton (D:4)
  7 rats
214 creatures vanquished.

Notes
Turn   | Place    | Note
-------+----------+-------------------------------------------
     0 | D:1      | uberloutre the Troll Monk began the quest for the Orb.
     0 | D:1      | Reached XP level 1. HP: 22/22 MP: 0/0
   168 | D:1      | Reached XP level 2. HP: 28/29 MP: 1/1
   194 | D:1      | Upgraded the game from 0.23.0 to 0.23.0-33-g5e6c059
   889 | D:2      | Reached XP level 3. HP: 31/36 MP: 2/2
   940 | D:2      | Noticed a human
   997 | D:2      | Found a runed translucent door.
  1003 | D:2      | Found a basalt altar of Yredelemnul.
  1743 | D:3      | Reached XP level 4. HP: 25/44 MP: 3/3
  1762 | D:3      | Reached skill level 4 in Unarmed Combat
  1982 | D:3      | Reached XP level 5. HP: 52/52 MP: 4/4
  2357 | D:4      | Found Igomar's Book Shop.
  2474 | D:4      | Noticed an ogre
  2479 | D:4      | Killed an ogre
  2479 | D:4      | Reached skill level 5 in Unarmed Combat
  2574 | D:4      | Reached XP level 6. HP: 50/59 MP: 5/5
  2737 | D:4      | Noticed Menkaure
  2741 | D:4      | Killed Menkaure
  2741 | D:4      | Reached skill level 6 in Unarmed Combat
  2741 | D:4      | Reached XP level 7. HP: 53/67 MP: 6/6
  2808 | D:4      | Found a sand-covered staircase.
  3017 | D:5      | Entered Level 5 of the Dungeon
  3236 | D:5      | Reached skill level 7 in Unarmed Combat
  3326 | D:5      | Found a staircase to the Ecumenical Temple.
  3338 | Temple   | Entered the Ecumenical Temple
  3412 | Temple   | Became a worshipper of the Wu Jian Council
  3412 | Temple   | Reached * piety under Wu Jian
  3412 | Temple   | Reached ** piety under Wu Jian
  3564 | D:5      | Found Erey's Food Emporium.
  3668 | D:6      | Reached XP level 8. HP: 67/75 MP: 7/7
  3809 | D:7      | Noticed a gargoyle
  3840 | D:7      | Killed a gargoyle
  3840 | D:7      | Reached skill level 8 in Unarmed Combat
  3847 | D:7      | Reached skill level 5 in Dodging
  3948 | D:7      | Noticed a hippogriff
  3958 | D:7      | Killed a hippogriff
  4446 | D:8      | Noticed a two-headed ogre
  4462 | D:8      | Killed a two-headed ogre
  4462 | D:8      | Reached skill level 9 in Unarmed Combat
  4462 | D:8      | Reached XP level 9. HP: 37/84 MP: 8/8
  4624 | D:8      | Reached skill level 10 in Unarmed Combat
  5105 | D:9      | Noticed a two-headed ogre
  5479 | D:9      | Reached *** piety under Wu Jian
  5561 | D:9      | Reached skill level 11 in Unarmed Combat
  5712 | D:9      | Killed a two-headed ogre
  5712 | D:9      | Reached XP level 10. HP: 39/93 MP: 9/9
  5913 | D:9      | Found a shadowy altar of Dithmenos.
  6237 | D:9      | Reached skill level 12 in Unarmed Combat
  6240 | D:9      | Reached **** piety under Wu Jian
  6251 | D:9      | Found a staircase to the Lair.
  6571 | D:9      | Found a staircase to the Orcish Mines.
  6644 | Orc:1    | Entered Level 1 of the Orcish Mines
  6644 | Orc:1    | Found a burning altar of Makhleb.
  6644 | Orc:1    | Noticed Urug
  6907 | D:9      | Slain by Urug

Skill      XL: |  1  2  3  4  5  6  7  8  9 10 |
---------------+-------------------------------+-----
Unarmed Combat | 4 5 6 7 9 11 12 | 12.1
Dodging        | 3 4 5 6 |  6.5
Stealth        | 2 3 |  3.2
Fighting       | 3 4 |  4.6

Action                   |  1- 3 |  4- 6 |  7- 9 | 10-12 || total
-------------------------+-------+-------+-------+-------++-------
Melee: Unarmed           |   129 |   137 |   319 |    87 ||   672
       Punch             |       |     2 |    11 |     7 ||    20
Invok: Lunge             |       |       |    18 |     8 ||    26
  Use: Scroll            |     4 |     3 |     2 |     2 ||    11
       Potion            |       |     2 |     2 |     1 ||     5
 Stab: Sleeping          |     7 |     1 |     3 |     2 ||    13
       Distracted        |       |       |       |     1 ||     1
       Fleeing           |       |       |       |     1 ||     1
  Eat: Chunk             |    18 |    13 |    19 |     7 ||    57
       Ration            |       |       |     6 |     2 ||     8
Armor: Robe              |    43 |    65 |    86 |    24 ||   218
Dodge: Dodged            |    60 |    85 |   169 |    39 ||   353
